 Dungeon Sprint DCSS version 0.30-a0-414-gcb316572d5 (webtiles) character file.

Game seed: 17373211904558380453

527 Darkkill the Fighter (level 7, -2/50 HPs)
             Began as a Gargoyle Berserker on Dec 7, 2022.
             Was a Believer of Trog.
             Slain by Menkaure (22 damage)
             ... in the Dungeon (Sprint II: "The Violet Keep of Menkaure").
             The game lasted 00:01:36 (106 turns).

Darkkill the Fighter (Gargoyle Berserker)            Turns: 106, Time: 00:01:37

Health: -2/50      AC:  7    Str: 22      XL:     7   Next: 23%
Magic:  7/7        EV: 13    Int:  3 (6)  God:    Trog [**....]
Gold:   171        SH:  0    Dex:  9      Spells: 6/6 levels left

rFire   . . .      SeeInvis .    a - +0 mace
rCold   . . .      Faith    .    (no shield)
rNeg    + . .      Spirit   .    b - +0 animal skin
rPois   ∞          Reflect  .    (no helmet)
rElec   +          Harm     .    (no cloak)
rCorr   .          Rampage  .    (no gloves)
Will    .....      NoTele   +    (no boots)
Stlth   +.........               (no amulet)
HPRegen 0.28/turn                (no ring)
MPRegen 0.10/turn                (no ring)

@: on berserk cooldown
A: sickness immunity, AC +4, negative energy resistance 1, electricity
resistance, torment resistance 1, petrification resistance, dopey 1, screaming 1
a: Renounce Religion, Berserk, Trog's Hand


You were in the Dungeon.
You worshipped Trog.
Trog was pleased with you.
You visited 1 branch You collected 243 gold pieces.
You spent 72 gold pieces at shops.

Inventory:

Hand Weapons
 a - a +0 mace (weapon)
Armour
 b - a +0 animal skin (worn)
Potions
 e - a potion of haste
 f - 2 potions of magic
 g - a potion of berserk rage


   Skills:
 + Level 8.9 Fighting
 + Level 8.1 Maces & Flails
 + Level 8.5 Armour
 + Level 6.5 Dodging


You had 6 spell levels left.
You didn't know any spells.
Your spell library was empty.

Dungeon Overview and Level Annotations

Branches:
Dungeon (1/1)

Altars:

Shops:
D [:(!(*!=[*?[?:=

Annotations:
D exclusion: oklob plant, Menkaure


Innate Abilities, Weirdness & Mutations

You are immune to sickness and miasma.
Your stone body is resilient. (AC +4)
You are immune to poison.
You resist negative energy. (rN+)
You are resistant to electric shocks. (rElec)
You are resistant to unholy torment.
You are immune to petrification.
You are dopey. (Int -2)
You occasionally shout uncontrollably at your foes.


Message History

You closely miss the wyvern.
The wyvern is almost dead.
The wyvern bites you but does no damage.
The neqoxec hits you but does no damage.
You thump the wyvern!
You kill the wyvern!
Trog accepts your kill.
You feel your intelligence returning.
Your Maces & Flails skill increases to level 8!
You have reached level 7!
There is a staircase leading out of the dungeon here.
You feel a strong urge to attack something.
You are no longer berserk.
You are exhausted.
You feel yourself slow down. The neqoxec barely misses you.
There is a staircase leading out of the dungeon here.
You feel much better.
The neqoxec hits you but does no damage.
The neqoxec hits you.
You hit the neqoxec but do no damage. The neqoxec hits you.
You hit the neqoxec.
The neqoxec is lightly wounded.
The neqoxec gestures at you.
Strange energies course through your body.
You feel stupid.
You hit the neqoxec but do no damage.
The neqoxec is lightly wounded.
The neqoxec completely misses you. The neqoxec hits you!
You hit the neqoxec but do no damage.
The neqoxec is lightly wounded.
The neqoxec gestures at you.
You feel dopey. Something feeds on your intellect!
Blink to where?
Press: ? - help, Q - select action, (/) - cycle Dir - move target
As you read the scroll of blinking, it crumbles to dust.
You open the door.
Found eight shops.
The neqoxec hits you!
There is an open door here.
The neqoxec attacks as you move away! The neqoxec hits you!
You enter the shallow water.
Moving in this stuff is going to be slow.
Found Eptat's Antique Weapon Boutique.
As you open the door, it creaks loudly! The neqoxec barely misses you.
The neqoxec hits you but does no damage.
Found 81 gold pieces.
Found Mumifetek's Magic Scroll Shop and Iraoqee's General Store.
Menkaure, Prince of Dust comes into view.
Found a leather armour.
Found Irynise's Distillery and Ocugaeto's Antique Weapon Shop.
Menkaure shouts!
The polar bear growls angrily.
You hear an angry growl.
Menkaure mumbles some strange words.
Menkaure seems to speed up.
The neqoxec hits you.
* * * LOW HITPOINT WARNING * * *
Marking area around an oklob plant as unsafe for travelling.
There is an open door here.
Found 22 gold pieces and a war axe.
Found Keab's Book Shoppe and Sokukam's Antique Armour Boutique.
The black bear growls angrily.
The neqoxec closely misses you.
Found an Everburning Encyclopedia and 94 gold pieces.
The black bear growls angrily.
The neqoxec gestures at you.
Strange energies course through your body.
You feel the urge to shout. The neqoxec gestures at you.
Something tries to feed on your intellect!
There is an entrance to Mumifetek's Magic Scroll Shop here.
Found 8 gold pieces and a scroll labelled WOEFRI JASM.
The neqoxec hits you.
* * * LOW HITPOINT WARNING * * *
There is an entrance to Cyasaac's Assorted Antiques here.
Found 81 gold pieces.
The neqoxec hits you.
* * * LOW HITPOINT WARNING * * *
Menkaure calls on the powers of darkness!
Your body is wracked with pain!
* * * LOW HITPOINT WARNING * * *
Menkaure calls on the powers of darkness!
Your body is wracked with pain!
* * * LOW HITPOINT WARNING * * *
There is an entrance to Irynise's Distillery here.
c - 2 potions of curing {@q1} (gained 1)
c - 3 potions of curing {@q1} (gained 1) Thank you for shopping at Irynise's Distillery!
You feel better. The neqoxec gestures at you.
Something tries to feed on your intellect!
The neqoxec closely misses you.
You feel better.
You feel yourself speed up.
Menkaure points at you and mumbles some strange words.
Pain shoots through your body! The neqoxec misses you.
Menkaure barely misses you.
You feel better. The neqoxec hits you. Menkaure hits you.
You sock the neqoxec!
The neqoxec is moderately wounded.
Menkaure barely misses you. The neqoxec hits you. Menkaure hits you!!
You die...

###########~~~...
##∩.......#~~~~.#
##.∩.∩....#~~~~#
##..∩.∩...#~~~~
##...∩.∩..#~~###
##....∩.⌠.#~##.###+#
##...∩.∩..#~#...##.#
##..M.∩...'~'##.†.<.
##.@3∩....#~#...##.#
#▓▓▓▓▓▓▓###~##.###'#
##hhh######~~### ##.


#$hh#ZZ ##~~~ # #∩P:+.$# +#~# #)..#?##§# ~~# #$$.###§≈§ ~° ##+###§≈≈≈ You could
see an oklob plant, 2 polar bears, a spectral bat, a spectral adder, a neqoxec,
3 black bears and Menkaure (fast).

Vanquished Creatures
  2 wyverns (D)
  4 necrophages (D)
6 creatures vanquished.

Notes
Turn   | Place    | Note
-------+----------+-------------------------------------------
     0 | D        | Darkkill the Gargoyle Berserker began the quest for the
                  | Orb.
     0 | D        | Reached XP level 1. HP: 14/14 MP: 1/1
     1 | D        | Noticed a necrophage
     1 | D        | Noticed a necrophage
     1 | D        | Noticed a necrophage
     1 | D        | Noticed a necrophage
     9 | D        | Killed a necrophage
    10 | D        | Reached skill level 5 in Fighting
    10 | D        | Reached XP level 2. HP: 21/21 MP: 2/2
    10 | D        | Reached XP level 3. HP: 26/26 MP: 3/3
    10 | D        | Reached XP level 4. HP: 31/31 MP: 4/4
    16 | D        | Killed a necrophage
    17 | D        | Reached skill level 5 in Maces & Flails
    17 | D        | Reached skill level 5 in Armour
    17 | D        | Reached XP level 5. HP: 36/36 MP: 5/5
    21 | D        | Reached ** piety under Trog
    39 | D        | Reached skill level 5 in Dodging
    39 | D        | Reached XP level 6. HP: 37/44 MP: 6/6
    65 | D        | Noticed a neqoxec
    69 | D        | Noticed a wyvern
    69 | D        | Noticed a wyvern
    73 | D        | Killed a wyvern
    80 | D        | Killed a wyvern
    81 | D        | Reached XP level 7. HP: 35/50 MP: 7/7
    86 | D        | Gained mutation: You are dopey. (Int -2) [a neqoxec]
    91 | D        | Found Pipohu's Jewellery Shop.
    91 | D        | Found Cyasaac's Assorted Antiques.
    91 | D        | Found Donip's Armour Boutique.
    91 | D        | Found Ajofoulema's Antique Armour Boutique.
    91 | D        | Found Woqayrum's Book Boutique.
    91 | D        | Found Michin's Jewellery Shop.
    91 | D        | Found Iwoloh's Magic Scroll Shop.
    91 | D        | Found Viblin's Distillery.
    92 | D        | Found Eptat's Antique Weapon Boutique.
    92 | D        | Noticed a polar bear
    93 | D        | Found Mumifetek's Magic Scroll Shop.
    93 | D        | Found Iraoqee's General Store.
    94 | D        | Found Irynise's Distillery.
    94 | D        | Found Ocugaeto's Antique Weapon Shop.
    94 | D        | Noticed Menkaure
    94 | D        | Noticed a polar bear
    94 | D        | Noticed an oklob plant
    95 | D        | Found Keab's Book Shoppe.
    95 | D        | Found Sokukam's Antique Armour Boutique.
    97 | D        | Gained mutation: You occasionally shout uncontrollably at
                  | your foes. [a neqoxec]
   100 | D        | HP: 10/50 [neqoxec (5)]
   103 | D        | Bought a potion of curing for 36 gold pieces
   103 | D        | Bought a potion of curing for 36 gold pieces
   106 | D        | Slain by Menkaure

Illustrated notes

Levels and vault maps discovered:
D:        the_violet_keep_of_menkaure [sprint2_stairs_cluster_1,
          sprint2_shoproom, sprint2_temple, sprint2_basic_supplies,
          sprint2_obstacle_2, sprint2_obstacle_5, sprint2_obstacle_6,
          sprint2_obstacle_4, sprint2_obstacle_3, sprint2_timed_cluster_1,
          sprint2_smallroom_cluster_1, sprint2_smallroom_final_cluster_1,
          sprint2_transparent_cluster_1, sprint2_second_timed_cluster_1,
          sprint2_sniper_area_1, sprint2_heavy_combat_area_1,
          sprint2_mutation_trap_area_1, sprint2_forest_area_1,
          sprint2_light_combat_area_1, sprint2_behind_water_1,
          sprint2_near_end_vault_1]

Skill      XL: |  1  2  3  4  5  6 |
---------------+-------------------+-----
Fighting       | 5 6 7 8 |  8.9
Maces & Flails | 4 5 6 8 |  8.1
Armour         | 4 5 6 8 |  8.5
Dodging        | 3 4 5 6 |  6.5

Action                   |  1- 3 |  4- 6 |  7- 9 || total
-------------------------+-------+-------+-------++-------
Melee: Mace              |     6 |    39 |     5 ||    50
Invok: Berserk           |     1 |     1 |       ||     2
  Use: Potion            |       |       |     4 ||     4
       Scroll            |       |       |     1 ||     1
Armor: Animal skin       |     1 |     9 |     2 ||    12
Dodge: Dodged            |     4 |    29 |     8 ||    41

Table legend: (Time is in decaauts)
 A = Elapsed time spent in this place.
 B = Non-inter-level travel time spent in this place.
 C = Inter-level travel time spent in this place.
 D = Time resting spent in this place.
 E = Time spent auto-exploring this place.
 F = Levels seen in this place.
 G = Mean time per level.
                   A        B        C        D        E       F      G
               +--------+--------+--------+--------+--------+-----+--------+
         Total |    126 |    126 |      0 |     21 |      0 |   1 |  126.0 |
       Dungeon |    126 |    126 |      0 |     21 |      0 |   1 |  126.0 |
               +--------+--------+--------+--------+--------+-----+--------+

Top non-repeatable levels by time:
       D: 126 daAuts

Table legend:
 A = Kills in this place as a percentage of kills in entire the game.
 B = Kills by you in this place as a percentage of kills by you in the entire game.
 C = Kills by friends in this place as a percentage of kills by friends in the entire game.
 D = Other kills in this place as a percentage of other kills in the entire game.
 E = Experience gained in this place as a percentage of experience gained in the entire game.
 F = Experience gained in this place divided by the number of levels of this place that you have seen.
                   A       B       C       D       E      F
               +-------+-------+-------+-------+-------+----------------------
         Total | 100.0 | 100.0 |   N/A |   N/A | 100.0 | 753.0
       Dungeon | 100.0 | 100.0 |   N/A |   N/A | 100.0 | 753.0
               +-------+-------+-------+-------+-------+----------------------
